 Dungeon Crawl Stone Soup version 0.29-a0-1008-g949cc1d0fb (webtiles) character file.

Game seed: 7311071116479795016

34067 wingedge the Frost Mage (level 13, -2/98 HPs)
             Began as a Merfolk Ice Elementalist on Aug 7, 2022.
             Was a High Priest of Vehumet.
             Slain by a frost giant
             ... wielding a +0 battleaxe of freezing
              (6 damage)
             ... in an ice cave.
             The game lasted 01:36:30 (18364 turns).

wingedge the Frost Mage (Merfolk Ice Elementalist) Turns: 18364, Time: 01:36:31

Health: -2/98      AC: 11    Str:  9    XL:     13   Next: 75%
Magic:  15/25      EV: 22    Int: 19    God:    Vehumet [*****.]
Gold:   657        SH:  0    Dex: 24    Spells: 0/28 levels left

rFire   . . .      SeeInvis +   R - +6 trident (venom)
rCold   . . .      Faith    .   S - +0 kite shield
rNeg    . . .      Spirit   .   N - +3 leather armour of Ziucsod {rElec rPois Dex+4}
rPois   +          Reflect  +   B - +1 hat {SInv}
rElec   +          Harm     .   w - +0 cloak
rCorr   +          Rampage  .   p - +2 pair of gloves
Will    .....                   (boots currently unavailable)
Stlth   ++........              s - amulet of reflection
HPRegen 0.26/turn               E - ring of resist corrosion
MPRegen 0.19/turn               O - +6 ring of dexterity

@: confused, mighty, ambrosia-drunk, hasted, very quick
A: nimble swimmer 2, mertail
a: Renounce Religion


You were in an ice cave.
You worshipped Vehumet.
Vehumet was extremely pleased with you.
You visited 2 branches of the dungeon, and saw 15 of its levels.
You also visited: Ice Cave.

You collected 1045 gold pieces.
You spent 388 gold pieces at shops.

Inventory:

Hand Weapons
 a - the +7 sling "Zixzeaq" {freeze, rF- rC- rCorr Int+9}
   (You took it off a kobold on level 3 of the Dungeon)

   Any ammunition fired from it freezes those it strikes, dealing additional
   cold damage.
   It can also slow down cold-blooded creatures.
   Int:       It affects your intelligence (+9).
   rF:        It makes you vulnerable to fire.
   rC:        It makes you vulnerable to cold.
   rCorr:     It protects you from acid and corrosion.
 G - the +4 quarterstaff of Impatience {drain, +Blink rElec}
   (You bought it in a shop on level 7 of the Dungeon)

   A truly terrible weapon, it drains the life of any living foe it strikes.
   rElec:     It insulates you from electricity.
   +Blink:    It lets you blink.
 Q - a +0 antimagic war axe
 R - a +6 trident of venom (weapon)
Missiles
 L - 3 throwing nets
 T - 4 boomerangs of dispersal
 W - 5 silver javelins
Armour
 p - a +2 pair of gloves (worn)
 w - a +0 cloak (worn)
 B - a +1 hat of see invisible (worn)
 H - a +0 pair of boots (melded)
 N - the +3 leather armour of Ziucsod (worn) {rElec rPois Dex+4}
   (You found it on level 8 of the Dungeon)

   Dex:       It affects your dexterity (+4).
   rElec:     It insulates you from electricity.
   rPois:     It protects you from poison.
 S - a +0 kite shield (worn)
Magical Staves
 b - a staff of conjuration
Jewellery
 e - an amulet of the acrobat
 g - the ring of the Enemy {rF+++ rC- Will+ Str-3 Dex+6}
   (You acquired it on level 10 of the Dungeon)

   [ring of willpower]

   Str:       It affects your strength (-3).
   Dex:       It affects your dexterity (+6).
   rF:        It renders you almost immune to fire.
   rC:        It makes you vulnerable to cold.
   Will:      It increases your willpower.
 s - an amulet of reflection (around neck)
 C - a ring of willpower
 D - an amulet of regeneration
 E - a ring of resist corrosion (left hand)
 O - a +6 ring of dexterity (right hand)
Wands
 i - a wand of polymorph (8)
 r - a wand of acid (10)
 J - a wand of iceblast (9)
 Y - a wand of flame (10)
Scrolls
 j - 2 scrolls of immolation
 m - 4 scrolls of vulnerability
 u - 2 scrolls of silence
 y - 3 scrolls of butterflies
 A - a scroll of teleportation
 I - a scroll of identify
 M - 3 scrolls of blinking
 P - a scroll of summoning
 U - 4 scrolls of enchant weapon
 V - 3 scrolls of poison
Potions
 c - a potion of brilliance {unknown}
 d - a potion of ambrosia
 f - 7 potions of might
 h - 6 potions of lignification
 k - 4 potions of attraction
 l - 4 potions of curing
 n - 2 potions of resistance {unknown}
 o - a potion of cancellation
 q - 2 potions of haste
 t - a potion of heal wounds
 v - a potion of mutation {unknown}
 z - 4 potions of flight
 F - 2 potions of invisibility
 K - 2 potions of berserk rage
 Z - 2 potions of degeneration {unknown}
Miscellaneous
 X - a tin of tremorstones (2/2)


   Skills:
 - Level 8.0 Fighting
 - Level 2.0 Short Blades
 - Level 6.0 Polearms
 - Level 3.0 Ranged Weapons
 - Level 1.0 Armour
 - Level 10.0 Dodging
 - Level 7.0 Stealth
 - Level 3.0 Shields
 - Level 8.0 Spellcasting
 + Level 8.3 Conjurations
 - Level 4.0 Hexes
 - Level 5.0 Transmutations
 + Level 2.8 Fire Magic
 + Level 10.6 Ice Magic
 - Level 6.0 Air Magic
 - Level 3.0 Evocations


You couldn't memorise any spells.
You knew the following spells:

 Your Spells              Type           Power      Damage    Failure   Level
a - Fireball              Conj/Fire      14%        3d8       28%         5
b - Ozocubu's Armour      Ice            48%        N/A       1%          3
c - Frozen Ramparts       Ice            96%        1d15      1%          3
d - Foxfire               Conj/Fire      100%       2x1d9     1%          1
e - Static Discharge      Conj/Air       34%        3-8/arc   1%          2
f - Hailstorm             Conj/Ice       43%        3d10      2%          4
g - Freezing Cloud        Conj/Ice/Air   19%        6-21      10%         5
h - Yara's Violent Unrav  Hex/Tmut       12%        3d7       38%         5

Your spell library contained the following spells:

 Spells                   Type           Power      Damage    Failure   Level
 Freeze                   Ice            100%       1d11      1%          1
 Ensorcelled Hibernation  Hex/Ice        70%        N/A       3%          2
 Slow                     Hex            88%        N/A       8%          1
 Swiftness                Air            30%        N/A       10%         3
 Lightning Bolt           Conj/Air       17%        1d31      16%         5
 Passwall                 Tmut/Erth      14%        N/A       22%         2
 Confusing Touch          Hex            22%        N/A       22%         3
 Tukima's Dance           Hex            22%        N/A       22%         3
 Summon Small Mammal      Summ           28%        N/A       36%         1
 Summon Guardian Golem    Hex/Summ       15%        N/A       45%         3
 Call Canine Familiar     Summ           7%         N/A       75%         3
 Vampiric Draining        Necr           7%         2d6       75%         3
 Passage of Golubria      Tloc           7%         N/A       98%         4
 Simulacrum               Ice/Necr       13%        N/A       100%        6
 Maxwell's Capacitive Co  Air            15%        ∞         100%        8
 Polar Vortex             Ice            24%        N/A       100%        9


Dungeon Overview and Level Annotations

Branches:
Dungeon (11/15)            Temple (0/1) D:4            Lair (4/5) D:11
 Shoals (0/4) Lair:2        Snake (0/4) Lair:2        Slime (0/5) Lair:4
    Orc (0/2) D:10          IceCv (1/1)

Altars:
Cheibriados
Hepliaklqana
Kikubaaqudgha
Vehumet
Xom

Shops:
D:7 (   D:9 !


Innate Abilities, Weirdness & Mutations

You are very nimble when in or above water. (Stealth+, EV+, Speed+++)
Your lower body shifts to a powerful aquatic tail in water.


Message History

The polar bear is heavily wounded.
The lightning grounds out.
You feel yourself speed up. The polar bear closely misses you.
You block the polar bear's attack. The polar bear claws you.
The frost giant splashes around in the water.
Okay, then.
Casting: Static Discharge (safe; 1% risk of failure)
Confirm with . or Enter, or press ? or * to list all spells.
Okay, then.
Okay, then.
Your +6 trident of venom begins to drip with poison!
R - a +6 trident of venom (weapon)
The polar bear misses you. You block the polar bear's attack.
The polar bear completely misses you.
You feel very mighty all of a sudden. The frost giant closely misses you.
You are confused.
You feel invigorated.
The polar bear bites you but does no damage.
The polar bear barely misses you. The polar bear closely misses you.
The frost giant hits you with a +0 battleaxe of freezing!!
The frost giant freezes you!
You bump into the ice covered rock wall.
The polar bear closely misses you. The polar bear completely misses you.
The polar bear closely misses you.
The frost giant points at you and mumbles some strange words.
The bolt of cold misses you.
You puncture the frost giant!
The frost giant is poisoned.
The frost giant is moderately wounded.
You are engulfed in freezing vapours.
* * * LOW HITPOINT WARNING * * *
You miss the polar bear.
Your tail-slap misses the polar bear.
The polar bear is heavily wounded.
You are engulfed in freezing vapours.
* * * LOW HITPOINT WARNING * * *
The polar bear barely misses you. x3
The frost giant hits you with a +0 battleaxe of freezing!!
* * * LOW HITPOINT WARNING * * *
The frost giant freezes you.
You die...

#.##..###. #....## ##
##..## #### ## ##. ### #
##... #####.### ########
#....# #≈@#.#..####....#..
#.....##≈Ch≈.#...#..#.#..#
.......#≈≈≈≈###.#..###..##
..h....#Y#≈≈# ##..## ####
.....h†.##≈## ####
.........#≈# ...###...###
. ##..# #..#


You could see a frost giant (very poisoned), a death yak and a polar bear.

Vanquished Creatures
  Gastronok (Lair:1)
  3 hydras
  5 death yaks (IceCv)
  2 two-headed ogres (D:11)
  An ugly thing (D:11)
  A black mamba (Lair:1)
  5 elephants (Lair:1)
  A merfolk siren (Lair:2)
  4 cane toads
  2 kobold demonologists (D:11)
  An unseen horror (D:10)
  3 rime drakes
  6 komodo dragons
  2 ice devils (Lair:4)
  The ghost of quixfox the Digger, a novice GrEE (D:8)
  2 trolls (D:10)
  2 hornets
  6 polar bears
  9 blink frogs (Lair:3)
  4 dream sheep (Lair:3)
  A shadow (D:11)
  A spriggan (D:8)
  A wraith (D:11)
  2 basilisks
  31 yaks
  4 wyverns
  A steam dragon (Lair:3)
  2 vampire mosquitoes (D:11)
  10 water moccasins
  3 acid dragons
  8 orc warriors
  A sky beast (D:7)
  10 black bears
  3 ice beasts
  6 ogres
  17 wolves
  5 centaurs
  A phantom (D:6)
  2 kobold brigands (D:11)
  12 bullfrogs
  3 gnoll sergeants
  4 scorpions
  4 wights (D:6)
  7 killer bees
  A howler monkey (D:5)
  2 electric eels (Lair:3)
  6 hounds
  8 orc priests
  5 jellies
  Jessica (D:3)
  2 gnoll boudas (D:7)
  An iguana (D:5)
  11 orc wizards
  Robin (D:3)
  7 adders
  24 gnolls
  A shadow imp (D:5)
  3 white imps
  An ufetubus (D:5)
  A worm (D:2)
  4 dart slugs
  40 orcs
  5 ball pythons
  8 endoplasms
  A giant cockroach (D:2)
  17 goblins
  9 hobgoblins
  4 jackals (D:5)
  6 quokkas
  8 bats
  6 frilled lizards
  15 kobolds
  2 rats (D:1)
  4 foxfires
404 creatures vanquished.

Vanquished Creatures (others)
  434 foxfires
  28 fungi
  45 plants
507 creatures vanquished.

Grand Total: 911 creatures vanquished

Notes
Turn   | Place    | Note
-------+----------+-------------------------------------------
     0 | D:1      | wingedge the Merfolk Ice Elementalist began the quest for
                  | the Orb.
     0 | D:1      | Reached XP level 1. HP: 13/13 MP: 3/3
   448 | D:1      | Reached XP level 2. HP: 20/20 MP: 3/5
   500 | D:1      | Reached skill level 1 in Fighting
  1480 | D:1      | Reached XP level 3. HP: 27/27 MP: 6/6
  1706 | D:2      | Reached skill level 5 in Ice Magic
  1765 | D:2      | Found a radiant altar of Vehumet.
  1773 | D:2      | Became a worshipper of Vehumet
  2030 | D:2      | Reached skill level 1 in Conjurations
  2101 | D:2      | Reached XP level 4. HP: 33/33 MP: 3/7
  2118 | D:2      | Learned a level 3 spell: Ozocubu's Armour
  2122 | D:2      | Learned a level 3 spell: Frozen Ramparts
  2770 | D:3      | Noticed Robin
  2820 | D:3      | Reached skill level 1 in Short Blades
  2897 | D:3      | Killed Robin
  2898 | D:3      | Reached XP level 5. HP: 19/38 MP: 0/8
  2905 | D:3      | Reached * piety under Vehumet
  2905 | D:3      | Offered knowledge of Foxfire by Vehumet.
  3098 | D:3      | Learned a level 1 spell: Foxfire
  3677 | D:3      | Noticed Jessica
  3687 | D:3      | Killed Jessica
  3709 | D:3      | Identified the +7 sling "Zixzeaq" {freeze, rF- rC- rCorr
                  | Int+9}
  4708 | D:4      | Found a staircase to the Ecumenical Temple.
  4725 | D:4      | Noticed a black bear
  4746 | D:4      | Killed a black bear
  4747 | D:4      | Reached XP level 6. HP: 17/47 MP: 1/11
  4995 | D:4      | Found a snail-covered altar of Cheibriados.
  5032 | D:4      | Found a hazy altar of Hepliaklqana.
  5226 | D:4      | Learned a level 2 spell: Static Discharge
  5227 | D:5      | Entered Level 5 of the Dungeon
  5249 | D:5      | Reached skill level 1 in Air Magic
  5251 | D:5      | Reached ** piety under Vehumet
  5251 | D:5      | Offered knowledge of Poisonous Vapours by Vehumet.
  5302 | D:5      | Reached XP level 7. HP: 51/52 MP: 1/13
  5672 | D:5      | Found a shimmering altar of Xom.
  6301 | D:6      | Reached XP level 8. HP: 41/58 MP: 4/14
  7326 | D:6      | Offered knowledge of Ignite Poison by Vehumet.
  7327 | D:6      | Reached skill level 5 in Spellcasting
  7690 | D:7      | Reached XP level 9. HP: 65/65 MP: 13/16
  7733 | D:7      | Reached skill level 5 in Conjurations
  7739 | D:7      | Reached skill level 5 in Dodging
  7739 | D:7      | Reached *** piety under Vehumet
  7740 | D:7      | Reached skill level 5 in Fighting
  8169 | D:7      | Found Tuffarupp's Antique Weapon Shoppe.
  8174 | D:7      | Bought an iridescent quarterstaff for 234 gold pieces
  8174 | D:7      | Identified the +4 quarterstaff of Impatience {drain, +Blink
                  | rElec} (You bought it in a shop on level 7 of the Dungeon)
  8539 | D:8      | Identified a scroll of acquirement
  8540 | D:8      | Acquired a staff of conjuration
  8641 | D:8      | Offered knowledge of Inner Flame by Vehumet.
  8676 | D:8      | Reached XP level 10. HP: 76/76 MP: 14/17
  8686 | D:8      | Noticed quixfox's ghost (novice GrEE)
  8688 | D:8      | Found a transporter.
  8693 | D:8      | Found a transporter.
  8712 | D:8      | Killed quixfox's ghost
  9112 | D:8      | Reached **** piety under Vehumet
  9130 | D:8      | Reached skill level 1 in Fire Magic
  9138 | D:8      | Offered knowledge of Lee's Rapid Deconstruction by Vehumet.
  9389 | D:8      | Identified the +3 leather armour of Ziucsod {rElec rPois
                  | Dex+4}
  9733 | D:9      | Noticed Joseph
  9764 | D:9      | Found Xeupheon's Distillery.
  9768 | D:9      | Bought a potion of cancellation for 88 gold pieces
  9768 | D:9      | Bought a potion of curing for 33 gold pieces
  9768 | D:9      | Bought a potion of lignification for 33 gold pieces
  9787 | D:9      | Reached skill level 5 in Stealth
  9803 | D:9      | Noticed Joseph
  9803 | D:9      | Joseph changed into Joseph the centaur
  9810 | D:9      | Killed Joseph the centaur
  9955 | D:9      | Reached skill level 5 in Air Magic
  9955 | D:9      | Reached XP level 11. HP: 67/81 MP: 8/20
 10046 | D:9      | Learned a level 4 spell: Hailstorm
 10052 | D:9      | Learned a level 5 spell: Freezing Cloud
 10113 | D:9      | Found an ancient bone altar of Kikubaaqudgha.
 11224 | D:10     | Entered Level 10 of the Dungeon
 11780 | D:10     | Reached skill level 1 in Armour
 11806 | D:10     | Found a staircase to the Orcish Mines.
 11977 | D:10     | Acquired the ring of the Enemy {rF+++ rC- Will+ Str-3
                  | Dex+6}
 12574 | D:11     | Identified the +1 ring mail "Wugu" {Dex+4}
 12817 | D:11     | Reached ***** piety under Vehumet
 12820 | D:11     | Offered knowledge of Airstrike by Vehumet.
 13066 | D:11     | Noticed a two-headed ogre
 13070 | D:11     | Killed a two-headed ogre
 13182 | D:11     | Noticed a two-headed ogre
 13187 | D:11     | Killed a two-headed ogre
 13188 | D:11     | Reached skill level 10 in Ice Magic
 13443 | D:11     | Noticed a red ugly thing
 13448 | D:11     | Killed a red ugly thing
 13563 | D:11     | Found a snail-covered altar of Cheibriados.
 13713 | D:11     | Found a staircase to the Lair.
 13719 | D:11     | Reached XP level 12. HP: 91/91 MP: 18/23
 13787 | Lair:1   | Entered Level 1 of the Lair of Beasts
 14028 | Lair:1   | Reached skill level 1 in Polearms
 14043 | Lair:1   | Reached skill level 5 in Polearms
 14045 | Lair:1   | Reached skill level 1 in Evocations
 14586 | Lair:1   | Noticed Gastronok
 14598 | Lair:1   | Killed Gastronok
 14599 | Lair:1   | Reached skill level 1 in Hexes
 14599 | Lair:1   | Reached skill level 1 in Transmutations
 14915 | Lair:2   | Reached skill level 1 in Ranged Weapons
 15210 | Lair:2   | Reached skill level 1 in Shields
 15451 | Lair:2   | Noticed a seven-headed hydra
 15457 | Lair:2   | Killed a seven-headed hydra
 15541 | Lair:2   | Learned a level 5 spell: Yara's Violent Unravelling
 15687 | Lair:2   | Found a staircase to the Snake Pit.
 15739 | Lair:2   | Noticed a five-headed hydra
 15742 | Lair:2   | Killed a five-headed hydra
 15743 | Lair:2   | Reached XP level 13. HP: 98/98 MP: 17/25
 15943 | Lair:2   | Found a staircase to the Shoals.
 16510 | Lair:3   | Offered knowledge of Fireball by Vehumet.
 16517 | Lair:3   | Reached skill level 5 in Transmutations
 17467 | Lair:3   | Learned a level 5 spell: Fireball
 17627 | Lair:4   | Found a frozen archway.
 17926 | IceCv    | Entered an ice cave
 18258 | IceCv    | Reached skill level 10 in Dodging
 18341 | IceCv    | Noticed a frost giant
 18364 | IceCv    | HP: 4/98 [frost giant/+0 battleaxe of freezing (22)]
 18364 | IceCv    | Slain by a frost giant

Illustrated notes

Levels and vault maps discovered:
D:1:      denvon_arrival_planthouse, layout_loops_cross, serial_rivers,
          chequers_serial_rivers_small_b, chequers_serial_rivers_micro_b,
          chequers_serial_rivers_large_a, chequers_serial_rivers_room_a,
          chequers_serial_rivers_small_b, chequers_serial_rivers_large_b
D:2:      layout_loops_cross, basic_altar, minmay_stone_trees_small,
          minmay_unequal
D:3:      layout_loops_cross, uniq_robin, uniq_jessica
D:4:      layout_basic, mainiacjoe_overflow_swirl,
          minmay_temple_entry_statues_fountains
D:5:      nicolae_BIG_FREAKIN_CUBE, layout_cave_pools,
          lemuel_coloured_pillars_altar
D:6:      layout_basic
D:7:      layout_gridville, serial_shops, nicolae_shop_hallway_stairs,
          st_stairs_6, minmay_misc_feat_secret_circle
D:8:      layout_basic, gammafunk_ghost_smash, enter_bailey_6, st_stairs_14,
          the_hattery
D:9:      layout_basic, mainiacjoe_overflow_surrounded_room, serial_shops,
          nicolae_shop_hallway_stairs, uniq_joseph
D:10:     layout_irregular_city, erik_orc_4
D:11:     layout_rooms, grunt_lair_entry_orc_guard_hut,
          chequers_serial_rivers_small_a, cheibriados_altar_1
Lair:1:   layout_cave_shapes, uniq_gastronok
Lair:2:   hellmonk_destroyed_diamonds, layout_regular_city,
          minmay_shoals_entry_lonely_mermaid
Lair:3:   layout_long_grid, serial_bayou_shore_a, lemuel_fruit_tree,
          grunt_megastairs_4
Lair:4:   layout_gridlike, minmay_slime_entry_oklob_enclosed,
          portal_ice_cave_demonic_guard
IceCv:    ice_cave_small_giant

Skill      XL: |  1  2  3  4  5  6  7  8  9 10 11 12 13 |
---------------+----------------------------------------+-----
Dodging        | 3 4 7 8 10 | 10.0
Fighting       | 1 2 3 4 6 7 8 |  8.0
Ice Magic      | 5 6 7 8 10 | 10.6
Conjurations   | 1 2 3 4 5 7 8 |  8.3
Short Blades   | 2 |  2.0
Spellcasting   | 3 4 5 6 7 8 |  8.0
Air Magic      | 1 2 4 5 6 |  6.0
Stealth        | 3 4 5 6 7 |  7.0
Fire Magic     | 2 |  2.8
Armour         | 1 |  1.0
Polearms       | 6 |  6.0
Evocations     | 3 |  3.0
Hexes          | 2 4 |  4.0
Transmutations | 3 5 |  5.0
Ranged Weapons | 1 3 |  3.0
Shields        | 1 3 |  3.0

Action                   |  1- 3 |  4- 6 |  7- 9 | 10-12 | 13-15 || total
-------------------------+-------+-------+-------+-------+-------++-------
Melee: Short sword       |    14 |    39 |       |       |       ||    53
       Dagger            |       |    50 |    42 |    30 |       ||   122
       Punch             |       |     1 |       |     2 |       ||     3
       Staff             |       |       |       |     1 |       ||     1
       Trident           |       |       |       |    25 |    19 ||    44
 Fire: Sling             |       |     2 |     3 |    16 |     4 ||    25
Throw: Boomerang         |       |    13 |       |       |       ||    13
       Throwing net      |       |     1 |       |       |       ||     1
       Dart              |       |       |     3 |       |       ||     3
 Cast: Freeze            |    49 |    47 |    19 |     8 |       ||   123
       Ozocubu's Armour  |       |    11 |     4 |     5 |     2 ||    22
       Frozen Ramparts   |       |    12 |    10 |     9 |       ||    31
       Foxfire           |       |    35 |   130 |    88 |       ||   253
       Static Discharge  |       |     1 |    24 |    78 |    31 ||   134
       Freezing Cloud    |       |       |       |    77 |    32 ||   109
       Hailstorm         |       |       |       |    38 |    29 ||    67
Evoke: Wand              |       |       |       |     1 |       ||     1
  Use: Potion            |     1 |     1 |     4 |     1 |     9 ||    16
       Scroll            |       |     8 |     3 |    14 |     7 ||    32
 Stab: Sleeping          |     4 |     5 |     2 |       |       ||    11
Armor: Robe              |    10 |    16 |       |       |       ||    26
       Animal skin       |       |    22 |    39 |    17 |       ||    78
       Skin              |       |       |     4 |       |       ||     4
       Leather armour    |       |       |       |    41 |     9 ||    50
Dodge: Dodged            |    27 |    89 |    93 |   172 |    40 ||   421
Block: Kite shield       |       |       |       |     8 |    18 ||    26
       Other             |       |       |       |       |     5 ||     5
       Reflection        |       |       |       |       |     2 ||     2

Table legend: (Time is in decaauts)
 A = Elapsed time spent in this place.
 B = Non-inter-level travel time spent in this place.
 C = Inter-level travel time spent in this place.
 D = Time resting spent in this place.
 E = Time spent auto-exploring this place.
 F = Levels seen in this place.
 G = Mean time per level.
                   A        B        C        D        E       F      G
               +--------+--------+--------+--------+--------+-----+--------+
         Total |  18292 |  17823 |    469 |   6777 |   7805 |  16 | 1143.2 |
       Dungeon |  13840 |  13509 |    331 |   5168 |   5869 |  11 | 1258.2 |
          Lair |   4020 |   3882 |    138 |   1315 |   1871 |   4 | 1005.0 |
      Ice Cave |    431 |    431 |      0 |    293 |     64 |   1 |  431.0 |
               +--------+--------+--------+--------+--------+-----+--------+

Top non-repeatable levels by time:
     D:1: 1644 daAuts
     D:9: 1513 daAuts
     D:2: 1421 daAuts
     D:6: 1364 daAuts
  Lair:3: 1320 daAuts
  Lair:2: 1316 daAuts
     D:8: 1285 daAuts
    D:11: 1276 daAuts
    D:10: 1265 daAuts
     D:3: 1228 daAuts
  Lair:1: 1020 daAuts
     D:4: 994 daAuts
     D:5: 971 daAuts
     D:7: 875 daAuts
   IceCv: 431 daAuts
